 Dungeon Crawl Stone Soup version 0.27-a0-512-g57cc695410 (webtiles) character file.

Game seed: 9096809955270819294

11070 dickylongcocking the Fighter (level 11, -4/94 HPs)
             Began as a Demonspawn Necromancer on Mar 3, 2021.
             Was an Elder of Kikubaaqudgha.
             Killed from afar by a starcursed mass (9 damage)
             ... with an accursed screaming
             ... on level 1 of the Abyss.
             The game lasted 00:14:56 (14272 turns).

dickylongcocking the Fighter (DsNe)                Turns: 14272, Time: 00:14:56

Health: -4/94      AC: 10    Str:  8    XL:     11   Next: 44%
Magic:  0/20       EV: 10    Int: 27    God:    Kikubaaqudgha [****..]
Gold:   459        SH:  0    Dex: 13    Spells: 7/26 levels left

rFire    . . .     SeeInvis .   x - +7 scimitar
rCold    . . .     Faith    .   (no shield)
rNeg     . . .     Spirit   +   s - +0 ring mail
rPois    .         Reflect  .   (helmet restricted)
rElec    .         Harm     .   z - +0 cloak
rCorr    +         Rampage  .   u - +0 pair of gloves
Will     .....                  (no boots)
Stlth    ++........             m - amulet of guardian spirit
HPRegen  0.25/turn              b - ring of resist corrosion
MPRegen  0.17/turn              f - +6 ring of intelligence

@: about to teleport
A: antennae 2, low mp 1, spiny 3, sharp scales 2
a: Renounce Religion, Receive Corpses


You were on level 1 of the Abyss.
You worshipped Kikubaaqudgha.
Kikubaaqudgha was greatly pleased with you.
You visited 2 branches of the dungeon, and saw 11 of its levels.
You visited the Abyss 2 times.
You also visited: Sewer.

You collected 733 gold pieces.
You spent 274 gold pieces at shops.

Inventory:

Hand Weapons
 c - a +0 spear
 d - a +0 vampiric rapier
 x - a +7 scimitar (weapon)
Armour
 a - a +0 robe
 s - a +0 ring mail (worn)
 u - a +0 pair of gloves (worn)
 z - a +0 cloak (worn)
Magical Staves
 n - a staff of death
Jewellery
 b - a ring of resist corrosion (left hand)
 f - a +6 ring of intelligence (right hand)
 l - a ring of flight
 m - an amulet of guardian spirit (around neck)
 y - an amulet of the acrobat
 C - a ring of protection from cold
Wands
 h - a wand of paralysis (4)
 o - a wand of acid (7)
 v - a wand of mindburst (18)
 w - a wand of charming (7)
Scrolls
 e - 3 scrolls of amnesia {unknown}
 g - 4 scrolls of teleportation
 i - 2 scrolls of enchant armour
 j - 4 scrolls of enchant weapon
 k - 7 scrolls of magic mapping {unknown}
 B - a scroll of random uselessness {unknown}
 D - a scroll of identify
 E - a scroll of summoning {unknown}
 G - a scroll of vulnerability
 I - a scroll of fog {unknown}
 J - a scroll of blinking {unknown}
Potions
 p - 3 potions of attraction
 q - a potion of flight
 t - a potion of cancellation
 F - a potion of berserk rage {unknown}
 H - 2 potions of mutation {unknown}


   Skills:
 - Level 11.6 Fighting
 - Level 5.3 Short Blades
 * Level 2.3 Staves
 - Level 5.3 Armour
 - Level 1.8 Dodging
 * Level 3.0 Stealth
 * Level 8.0 Spellcasting
 * Level 10.2 Necromancy


You had 7 spell levels left.
You knew the following spells:

 Your Spells              Type           Power        Failure   Level
a - Pain                  Necr           100%         1%          1
b - Corpse Rot            Necr/Air       N/A          2%          2
c - Dispel Undead         Necr           60%          1%          4
d - Excruciating Wounds   Necr           30%          6%          5
e - Animate Dead          Necr           30%          1%          4
x - Vampiric Draining     Necr           30%          1%          3

Your spell library contained the following spells:

 Spells                   Type           Power        Failure   Level
 Animate Skeleton         Necr           100%         1%          1
 Sublimation of Blood     Necr           30%          1%          2
 Agony                    Necr           60%          6%          5
 Beastly Appendage        Tmut           20%          14%         1
 Sandblast                Erth           20%          14%         1
 Passwall                 Tmut/Erth      8%           22%         2
 Wereblood                Tmut           10%          22%         2
 Death Channel            Necr           30%          32%         6
 Spider Form              Tmut/Pois      5%           38%         3
 Stone Arrow              Conj/Erth      20%          38%         3
 Ice Form                 Ice/Tmut       10%          80%         4
 Petrify                  Tmut/Erth      10%          80%         4
 Blade Hands              Tmut           5%           98%         5
 Lee's Rapid Deconstruct  Erth           5%           98%         5


Dungeon Overview and Level Annotations

Branches:
Dungeon (10/15)            Temple (1/1) D:6            Lair (0/6) D:10
    Orc (0/2) D:10          Sewer (visited)

Altars:
Ashenzari
Cheibriados
Dithmenos
Elyvilon
Fedhas
Gozag
Hepliaklqana
Kikubaaqudgha
Makhleb
Nemelex Xobeh
Okawaru
Qazlal
Ru
Sif Muna
Trog
Uskayaw
Vehumet
Wu Jian
Xom
Yredelemnul
Zin
The Shining One
Beogh

Shops:
D:5 :   D:6 [   D:8 ?   D:9 *

Annotations:
D:10 Erolcha


Innate Abilities, Weirdness & Mutations

You have a pair of antennae on your head.
You are completely covered in sharp spines.
You are mostly covered in razor-sharp scales. (AC +2, Slay +2)
Your magical capacity is low. (-10% MP)


Message History

The starcursed mass engulfs you.
A starcursed mass splits.
Unknown command.
You completely miss the starcursed mass.
The starcursed mass is lightly damaged.
The starcursed mass engulfs you but does no damage.
Unknown command.
You hit the starcursed mass but do no damage.
The starcursed mass is lightly damaged.
The starcursed mass completely misses you.
A starcursed mass splits.
Unknown command.
You hit the starcursed mass but do no damage.
The starcursed mass is lightly damaged.
A starcursed mass splits. x2
A deafening chorus of shrieks assaults your mind!
Unknown command.
As you read the scroll of teleportation, it crumbles to dust.
You feel strangely unstable.
You feel the power of the Abyss delaying your translocation!
The starcursed mass engulfs you!
* * * LOW HITPOINT WARNING * * *
Unknown command.
Unknown command.
Unknown command.
You feel yourself slow down.
A starcursed mass splits.
A deafening chorus of shrieks assaults your mind!
* * * LOW HITPOINT WARNING * * *
You suddenly lose the ability to move!
A starcursed mass splits.
The starcursed mass is struck by your spines.
The starcursed mass engulfs you.
* * * LOW HITPOINT WARNING * * *
The starcursed mass shudders and is absorbed by its neighbour.
The starcursed mass engulfs you!
* * * LOW HITPOINT WARNING * * *
You can move again.
A chorus of shrieks assaults your mind.
You die...
Kikubaaqudgha rasps: "You have failed me!
Welcome... death!"

. .. .. . .. . .. .....
.... ... .. .## .##..
#$.# ..# ..#
#..##..##..##..##..##..#
.. ...........{......
... ... ....XX.....
.##..##.. #X.# ..# # #..
#..##XX##..##..#
...............X@.......
...####......#.##..#.###
..# ##.#.#)#...### .##.
###.#..###...# ...## #
#..# .#. ... .##.. # ###
## #. . # #..# ....


You could see 4 starcursed masses.

Vanquished Creatures
  A dancing weapon (Abyss:1)
  A storm dragon skeleton (Abyss:1)
  Pikel (D:6)
  Maurice (D:10)
  A smoke demon (Abyss:1)
  2 kobold demonologists (D:10)
  Maggie (D:8)
  A freezing wraith (Abyss:1)
  A troll (D:10)
  Grinder (D:3)
  A wyvern (D:10)
  Sigmund (D:3)
  A steam dragon (D:10)
  2 neqoxecs (Abyss:1)
  A small abomination (Abyss:1)
  A water moccasin (D:6)
  Edmund (D:6)
  A hell hound (Abyss:1)
  7 orc warriors
  4 sky beasts
  2 eyes of draining
  3 ice beasts
  A necrophage (D:9)
  3 centaurs
  9 ogres
  2 phantoms
  5 kobold brigands (D:10)
  2 gnoll sergeants (D:10)
  6 bullfrogs
  A water moccasin zombie (D:7)
  A wyvern skeleton (D:9)
  2 scorpions
  8 wights
  6 howler monkeys
  A centaur zombie (D:7)
  A quasit (Abyss:1)
  4 jellies
  3 orc priests
  3 bullfrog skeletons (D:5)
  A gnoll shaman (D:8)
  7 hounds
  9 orc wizards
  2 iguanas
  4 worker ants
  A killer bee zombie (D:6)
  A hound skeleton (D:7)
  5 gnolls
  8 river rats (D:6)
  13 adders
  2 shadow imps (D:9)
  3 white imps
  An ufetubus (D:7)
  An ooze (D:8)
  An adder zombie (D:5)
  An adder skeleton (D:5)
  A worm (D:6)
  A dart slug (D:2)
  6 leopard geckos
  39 orcs
  6 ball pythons
  6 bats
  21 giant cockroaches
  6 goblins
  6 hobgoblins
  19 jackals
  7 quokkas
  12 frilled lizards
  15 kobolds
  A quokka zombie (D:7)
  23 rats
  A spectral orc (D:3)
324 creatures vanquished.

Vanquished Creatures (collateral kills)
  A howler monkey (D:6)
  A worker ant (D:6)
  2 river rats (D:6)
4 creatures vanquished.

Vanquished Creatures (others)
  A two-headed ogre (D:6)
1 creature vanquished.

Grand Total: 329 creatures vanquished

Notes
Turn   | Place    | Note
-------+----------+-------------------------------------------
     0 | D:1      | dickylongcocking the Demonspawn Necromancer began the quest
                  | for the Orb.
     0 | D:1      | Reached XP level 1. HP: 13/13 MP: 3/3
   486 | D:1      | Gained mutation: You have a pair of small antennae on your
                  | head. [demonic ancestry]
   486 | D:1      | Reached XP level 2. HP: 15/19 MP: 0/5
  1406 | D:1      | Reached skill level 5 in Necromancy
  1593 | D:1      | Gained mutation: You are partially covered in sharp spines.
                  | [demonic ancestry]
  1593 | D:1      | Reached XP level 3. HP: 23/24 MP: 4/6
  2331 | D:2      | Found a faded altar of an unknown god.
  2404 | D:2      | Gained mutation: You are mostly covered in sharp spines.
                  | [demonic ancestry]
  2404 | D:2      | Reached XP level 4. HP: 20/30 MP: 0/8
  2951 | D:3      | Found a glowing drain.
  2968 | Sewer    | Entered a sewer
  3043 | Sewer    | Learned a level 3 spell: Vampiric Draining
  3516 | Sewer    | Noticed a bullfrog
  3519 | Sewer    | Killed a bullfrog
  3520 | Sewer    | Gained mutation: You have a pair of antennae on your head.
                  | [demonic ancestry]
  3520 | Sewer    | Reached XP level 5. HP: 32/35 MP: 6/10
  3890 | D:3      | Noticed Grinder
  3898 | D:3      | Reached skill level 11 in Fighting
  3898 | D:3      | Gained mutation: You are partially covered in razor-sharp
                  | scales. (AC +1, Slay +1) [demonic ancestry]
  3898 | D:3      | Reached XP level 6. HP: 26/62 MP: 2/12
  4316 | D:3      | Found a basalt altar of Yredelemnul.
  4441 | D:3      | Paralysed by Grinder for 5 turns
  4453 | D:3      | Killed Grinder
  4454 | D:3      | Reached XP level 7. HP: 68/68 MP: 13/13
  4672 | D:3      | Noticed Sigmund
  4678 | D:3      | Killed Sigmund
  5450 | D:4      | Reached skill level 1 in Short Blades
  6142 | D:5      | Entered Level 5 of the Dungeon
  6232 | D:5      | Reached XP level 8. HP: 75/75 MP: 15/15
  6279 | D:5      | Found Badenguj's Book Emporium.
  6287 | D:5      | Reached skill level 1 in Armour
  6411 | D:5      | Reached skill level 5 in Spellcasting
  7754 | D:6      | Found a staircase to the Ecumenical Temple.
  7764 | Temple   | Entered the Ecumenical Temple
  7970 | Temple   | Became a worshipper of Kikubaaqudgha
  8028 | D:6      | Reached XP level 9. HP: 73/74 MP: 17/17
  8091 | D:6      | Noticed Edmund
  8100 | D:6      | Killed Edmund
  8226 | D:6      | Found a blossoming altar of Fedhas.
  8361 | D:6      | Noticed Pikel
  8372 | D:6      | Killed Pikel
  8543 | D:6      | Found Hivem's Armour Shoppe.
  8617 | D:6      | Noticed a two-headed ogre
  8649 | D:6      | Reached * piety under Kikubaaqudgha
  8649 | D:6      | Identified Kikubaaqudgha's Tome of Necromancy
                  | (Kikubaaqudgha gifted it to you on level 6 of the Dungeon)
  8649 | D:6      | Received a gift from Kikubaaqudgha
  8680 | D:6      | Learned a level 2 spell: Corpse Rot
  9389 | D:7      | Reached ** piety under Kikubaaqudgha
  9660 | D:7      | Gained mutation: You are completely covered in sharp
                  | spines. [demonic ancestry]
  9660 | D:7      | Reached XP level 10. HP: 88/88 MP: 15/19
  9784 | D:7      | Found a bloodstained altar of Trog.
  9790 | D:7      | Found a glowing golden altar of the Shining One.
  9905 | D:8      | Found Qimemau's Magic Scroll Shoppe.
  9924 | D:8      | Bought a scroll of enchant weapon for 112 gold pieces
  9924 | D:8      | Bought a scroll of fear for 52 gold pieces
  9924 | D:8      | Bought a scroll of teleportation for 45 gold pieces
  9992 | D:8      | Noticed Maggie
 10028 | D:8      | Killed Maggie
 10694 | D:8      | Found a sparkling altar of Nemelex Xobeh.
 10727 | D:8      | Found a roughly hewn altar of Beogh.
 10731 | D:8      | Reached *** piety under Kikubaaqudgha
 10731 | D:8      | Identified Kikubaaqudgha's Grimoire of Darkness
                  | (Kikubaaqudgha gifted it to you on level 8 of the Dungeon)
 10731 | D:8      | Received a gift from Kikubaaqudgha
 11088 | D:8      | Learned a level 4 spell: Dispel Undead
 11094 | D:8      | Learned a level 5 spell: Excruciating Wounds
 11154 | D:9      | Found Vago Ful's General Store.
 11164 | D:9      | Bought a potion of heal wounds for 65 gold pieces
 11312 | D:9      | Learned a level 4 spell: Animate Dead
 12081 | D:10     | Entered Level 10 of the Dungeon
 12088 | D:10     | Noticed a rust devil
 12103 | D:10     | Reached **** piety under Kikubaaqudgha
 12104 | D:10     | HP: 2/88 [orc/+0 flail (4)]
 12551 | D:10     | Noticed a rust devil
 12555 | D:10     | Reached skill level 5 in Short Blades
 12609 | D:10     | Reached skill level 5 in Armour
 12777 | D:10     | Found a staircase to the Orcish Mines.
 12791 | D:10     | Noticed Erolcha
 12792 | D:10     | Cast into level 1 of the Abyss (Erolcha)
 12801 | D:10     | Escaped the Abyss
 12810 | D:10     | Gained mutation: You are mostly covered in razor-sharp
                  | scales. (AC +2, Slay +2) [demonic ancestry]
 12810 | D:10     | Reached XP level 11. HP: 43/94 MP: 2/21
 13441 | D:10     | Found a staircase to the Lair.
 13688 | D:10     | Noticed Maurice
 13703 | D:10     | Killed Maurice
 14003 | D:10     | Cast into level 1 of the Abyss (Erolcha)
 14015 | Abyss:1  | Noticed a starcursed mass
 14040 | Abyss:1  | Found a corrupted altar of Lugonu.
 14060 | Abyss:1  | Gained mutation: Your magical capacity is low. (-10% MP) [a
                  | neqoxec]
 14138 | Abyss:1  | Reached skill level 1 in Staves
 14181 | Abyss:1  | Noticed a large abomination
 14212 | Abyss:1  | Reached skill level 10 in Necromancy
 14244 | Abyss:1  | Noticed a starcursed mass
 14247 | Abyss:1  | Noticed a +2 short sword of venom
 14255 | Abyss:1  | Killed a +2 short sword of venom
 14270 | Abyss:1  | Paralysed by accursed screaming for 1 turns
 14272 | Abyss:1  | Killed from afar by a starcursed mass

Illustrated notes

Levels and vault maps discovered:
D:1:      dpeg_arrival_renting, layout_loops_ring
D:2:      layout_basic, chequers_ecumenical_altar_simple, minmay_circle_x
D:3:      minmay_roachtagon, layout_basic, yredelemnul_forgotten_temple_becter,
          cheibrodos_sewer_entry_drain, hex_tiny, nicolae_underground_beach,
          uniq_sigmund, uniq_grinder
D:4:      layout_basic
D:5:      layout_cave_pools, serial_co_window_serial,
          co_window_of_opportunity_a, co_window_corner_a, co_window_paths_a,
          co_window_corner_a, co_window_of_opportunity_a, co_window_broadway_c,
          co_window_paths_c, co_window_broadway_a, co_window_2corner,
          co_window_broadway_c, co_window_unsneaky_path_c, glass_columns_a,
          glass_columns_a, glass_columns_a, serial_shops,
          nicolae_shop_behind_doors
D:6:      lemuel_ratsnest, layout_basic, kennysheep_mini,
          minmay_temple_entry_butterflies, serial_shops, shop, uniq_edmund,
          uniq_pikel
D:7:      layout_rooms, grunt_temple_overflow_open
D:8:      layout_rooms, serial_shops, shop_fountains, special_room
          [special_room_orc], nemelex_dance_club_becter, uniq_maggie
D:9:      layout_loops_cross, minmay_shop_grid_forest
D:10:     layout_roguey, lair_entry_dummy,
          kennysheep_orc_monster_closet_entryway, uniq_maurice, uniq_erolcha
Temple:   hc_temple_tempest_star
Abyss:1:  base: D:7, base:
D:8

Skill      XL: |  1  2  3  4  5  6  7  8  9 10 11 |
---------------+----------------------------------+-----
Necromancy     | 5 6 7 8 9 10 | 10.2
Spellcasting   | 3 4 5 6 7 8 |  8.0
Fighting       | 11 | 11.6
Short Blades   | 1 2 3 5 |  5.3
Armour         | 2 3 5 |  5.3
Staves         | 2 |  2.3
Stealth        | 3 |  3.0
Dodging        | |  1.8

Action                   |  1- 3 |  4- 6 |  7- 9 | 10-12 || total
-------------------------+-------+-------+-------+-------++-------
Melee: Unarmed           |     6 |       |       |       ||     6
       Spear             |    24 |    18 |       |       ||    42
       Rapier            |       |     6 |   129 |     1 ||   136
       Scimitar          |       |       |    92 |   174 ||   266
       Staff             |       |       |       |    12 ||    12
 Cast: Pain              |    65 |    42 |     1 |     7 ||   115
       Vampiric Draining |       |     3 |    14 |    23 ||    40
       Corpse Rot        |       |       |     2 |     1 ||     3
       Excruciating Woun |       |       |       |    10 ||    10
       Dispel Undead     |       |       |       |     8 ||     8
       Animate Dead      |       |       |       |     1 ||     1
Invok: Receive Corpses   |       |       |       |     1 ||     1
Evoke: Wand              |       |     4 |     3 |     7 ||    14
  Use: Potion            |       |     2 |     2 |    12 ||    16
       Scroll            |       |       |     7 |     9 ||    16
 Stab: Paralysed         |       |     5 |       |       ||     5
       Sleeping          |       |     1 |     4 |       ||     5
Armor: Robe              |     3 |     4 |     8 |       ||    15
       Ring mail         |       |       |    96 |    92 ||   188
       Skin              |       |       |       |    36 ||    36
Dodge: Dodged            |    37 |    19 |   125 |   128 ||   309
       Rpst.: Scimitar   |       |       |    20 |    36 ||    56

Table legend: (Time is in decaauts)
 A = Elapsed time spent in this place.
 B = Non-inter-level travel time spent in this place.
 C = Inter-level travel time spent in this place.
 D = Time resting spent in this place.
 E = Time spent auto-exploring this place.
 F = Levels seen in this place.
 G = Mean time per level.
                   A        B        C        D        E       F      G
               +--------+--------+--------+--------+--------+-----+--------+
         Total |  14455 |  14182 |    273 |   3184 |   9044 |  14 | 1032.5 |
       Dungeon |  13091 |  12839 |    252 |   2885 |   8315 |  10 | 1309.1 |
        Temple |    219 |    198 |     21 |      0 |    172 |   1 |  219.0 |
         Abyss |    265 |    265 |      0 |      0 |     69 |   2 |  132.5 |
         Sewer |    879 |    879 |      0 |    299 |    488 |   1 |  879.0 |
               +--------+--------+--------+--------+--------+-----+--------+

Top non-repeatable levels by time:
     D:6: 2062 daAuts
     D:1: 1931 daAuts
    D:10: 1497 daAuts
     D:9: 1381 daAuts
     D:2: 1335 daAuts
     D:4: 1160 daAuts
     D:8: 1111 daAuts
     D:5: 983 daAuts
     D:3: 936 daAuts
   Sewer: 879 daAuts
     D:7: 690 daAuts
 Abyss:1: 265 daAuts
  Temple: 219 daAuts
